 Dungeon Sprint DCSS version 0.20.1-1-g8b1a95d (console) character file.

198 hilaritas the Blocker (level 7, -6/72 HPs)
             Began as a Minotaur Fighter on Mar 2, 2018.
             Was a Follower of Uskayaw.
             Mangled by the 27-headed Lernaean hydra (7 damage)
             ... in the Dungeon (Sprint VI: "Thunderdome").
             The game lasted 00:08:26 (602 turns).

hilaritas the Blocker (Minotaur Fighter)             Turns: 602, Time: 00:08:26

Health: -6/72      AC:  7    Str: 24    XL:     7   Next: 96%
Magic:  16/20      EV:  9    Int:  6    God:    Uskayaw [*.....]
Gold:   180        SH: 13    Dex: 14    Spells: 6/6 levels left

rFire    + . .     SeeInvis .   a - +0 flail
rCold    . . .     Gourm    .   c - +0 shield
rNeg     + . .     Faith    .   b - +0 scale mail
rPois    .         Spirit   .   (helmet restricted)
rElec    .         Reflect  .   (no cloak)
rCorr    .         Harm     .   (no gloves)
MR       .....     NoTele   +   (no boots)
Stlth    +.........             (no amulet)
Regen    0.3/turn               p - ring "Mutiss" {rF+ rN+ Dex+4 Stlth+}
MPRegen  0.2/turn               r - ring "Horhiuv" {+Blink MP+9 Str+3}

@: no status effects
A: retaliatory headbutt, horns 2
a: Stomp, Renounce Religion, Evoke Blink


You were in the Dungeon.
You worshipped Uskayaw.
Uskayaw was noncommittal.
You were not hungry.

You visited 1 branch You collected 500 gold pieces.
You spent 320 gold pieces at shops.

Inventory:

Hand Weapons
 a - a +0 flail (weapon)
Armour
 b - a +0 scale mail (worn)
 c - a +0 shield (worn)
Jewellery
 p - the ring "Mutiss" (left hand) {rF+ rN+ Dex+4 Stlth+}
   (You bought it in a shop in the Dungeon)

   [ring of stealth]

   It affects your dexterity (+4).
   It protects you from fire.
   It protects you from negative energy.
   It makes you more stealthy.
 r - the ring "Horhiuv" (right hand) {+Blink MP+9 Str+3}
   (You bought it in a shop in the Dungeon)

   [ring of magical power]

   It affects your strength (+3).
   It affects your magic capacity (+9).
   It lets you blink.
 s - the amulet "Geastruest" {Inacc SInv}
   (You bought it in a shop in the Dungeon)

   [amulet of inaccuracy]

   It reduces the accuracy of all your attacks.
   It lets you see invisible.
Wands
 m - a wand of acid (5/15)
 n - a wand of iceblast (4/15)
Scrolls
 k - 4 scrolls of blinking
 o - 3 scrolls of fog
Potions
 d - a potion of might
 e - a potion of curing
 g - 3 potions of heal wounds
 h - 4 potions of haste
 i - 2 potions of magic
 j - a potion of berserk rage
 l - a potion of resistance
Comestibles
 f - a bread ration


   Skills:
 - Level 10.2 Fighting
 - Level 10.9 Maces & Flails
 + Level 6.2 Armour
 + Level 11.4 Shields
 * Level 7.4 Invocations


You had 6 spell levels left.
You didn't know any spells.

Dungeon Overview and Level Annotations

Branches:
Dungeon (1/1)

Altars:
Cheibriados
Dithmenos
Fedhas
Gozag
Kikubaaqudgha
Makhleb
Okawaru
Qazlal
Ru
Sif Muna
Trog
Uskayaw
Vehumet
Xom
Yredelemnul
Zin
The Shining One
Beogh
Jiyva
Lugonu

Shops:
D *[%??*?*:[((!!!!

Annotations:
D Lernaean hydra


Innate Abilities, Weirdness & Mutations

You reflexively headbutt those who attack you in melee.
You have a pair of horns on your head.


Message History

The 27-headed Lernaean hydra bites you. x2
The 27-headed Lernaean hydra bites you but does no damage.
The 27-headed Lernaean hydra bites you. x2
The 27-headed Lernaean hydra bites you but does no damage. x2
The 27-headed Lernaean hydra bites you.
The 27-headed Lernaean hydra bites you but does no damage. x2
The 27-headed Lernaean hydra bites you!
You block the 27-headed Lernaean hydra's attack.
The 27-headed Lernaean hydra closely misses you.
The 27-headed Lernaean hydra bites you. The 27-headed Lernaean hydra bites you!
The 27-headed Lernaean hydra bites you.
The 27-headed Lernaean hydra closely misses you.
The 27-headed Lernaean hydra bites you!
* * * LOW HITPOINT WARNING * * *
The 27-headed Lernaean hydra bites you.
* * * LOW HITPOINT WARNING * * *
The 27-headed Lernaean hydra bites you.
* * * LOW HITPOINT WARNING * * *
The 27-headed Lernaean hydra bites you!
You die...

##### ##⌠⌠⌠## #.....# ##.....##
##∩.....∩## #∩.......∩#
#........_# #_......._#
#_.@....._# ###...D.....###
#⌠...........⌠#
######.8.........8.######
##∩.__......###......___∩##
###∩........8.# #.8........∩##
##.............###.............
#⌠..........###...###..........
#⌠..........# #.<.# #..........
#⌠..........###...###..........
##.............###.............


You could see the 27-headed Lernaean hydra.

Vanquished Creatures
  A steam dragon (D)
  An insubstantial wisp (D)
  A swamp drake (D)
  3 sky beasts (D)
  6 vampire bats (D)
  4 jellies (D)
  5 oozes (D)
21 creatures vanquished.

Notes
Turn   | Place    | Note
-------+----------+-------------------------------------------
     0 | D        | hilaritas the Minotaur Fighter began the quest for the Orb.
     0 | D        | Reached XP level 1. HP: 19/19 MP: 0/0
     1 | D        | Found a snail-covered altar of Cheibriados.
     1 | D        | Found a shimmering altar of Xom.
     2 | D        | Found a glowing silver altar of Zin.
     2 | D        | Found a sacrificial altar of Ru.
     3 | D        | Found an iron altar of Okawaru.
     4 | D        | Found a bloodstained altar of Trog.
     4 | D        | Found a radiant altar of Vehumet.
     4 | D        | Found Laniesi's Staff Store.
     4 | D        | Found Gusk's Magic Scroll Shop.
     5 | D        | Found a roughly hewn altar of Beogh.
     5 | D        | Found Xaewnios's Must-Have Magic.
     5 | D        | Found Enkel's Magic Scroll Shop.
     5 | D        | Round 1.
    21 | D        | Found a deep blue altar of Sif Muna.
    28 | D        | Reached skill level 4 in Shields
    81 | D        | Noticed a jelly
    81 | D        | Found a burning altar of Makhleb.
    81 | D        | Found Nycralau's Bee Food.
    81 | D        | Found Tetiddif's Jewellery.
    82 | D        | Found Vablao's Advanced Armour.
    83 | D        | Killed a jelly
    83 | D        | Reached skill level 5 in Fighting
    83 | D        | Reached skill level 5 in Shields
    83 | D        | Reached XP level 2. HP: 25/30 MP: 1/1
    83 | D        | Reached XP level 3. HP: 31/37 MP: 2/2
   136 | D        | Found Xyajat's Identification Station.
   136 | D        | Found an ancient bone altar of Kikubaaqudgha.
   136 | D        | Found a viscous altar of Jiyva.
   137 | D        | Bought a slimy granite ring for 45 gold pieces
   144 | D        | Bought 3 scrolls of identify for 150 gold pieces
   146 | D        | Found a stormy altar of Qazlal.
   149 | D        | Reached skill level 5 in Maces & Flails
   149 | D        | Reached skill level 6 in Shields
   173 | D        | Found a blossoming altar of Fedhas.
   175 | D        | Found Sopn's Premium Goods.
   176 | D        | Found Ydo Qothuorch's Miscellaneous Merchandise.
   176 | D        | Found Irulah's Basic Armour.
   178 | D        | Arena points: 4 (+4) [x1]
   186 | D        | Found Unit's Weapon Rack.
   186 | D        | Found an opulent altar of Gozag.
   186 | D        | Found a hide-covered altar of Uskayaw.
   186 | D        | Found a glowing golden altar of the Shining One.
   193 | D        | Round 2.
   195 | D        | Became a worshipper of Uskayaw the Reveler
   199 | D        | Identified the ring "Mutiss" {rF+ rN+ Dex+4 Stlth+} (You bought it in a shop in the Dungeon)
   205 | D        | Found a corrupted altar of Lugonu.
   207 | D        | Found a shadowy altar of Dithmenos.
   207 | D        | Found a basalt altar of Yredelemnul.
   207 | D        | Found Ashretiva's Do-It-Yourself Clinic.
   207 | D        | Found Vakoquzika's Bottled Wisdom.
   208 | D        | Found Gat Vuom's Distillery.
   213 | D        | Found Lekhlecs's Distillery.
   246 | D        | Reached XP level 4. HP: 45/45 MP: 3/3
   246 | D        | Reached * piety under Uskayaw
   249 | D        | Reached ** piety under Uskayaw
   251 | D        | Reached skill level 1 in Invocations
   255 | D        | Reached *** piety under Uskayaw
   256 | D        | Reached skill level 7 in Shields
   264 | D        | Reached XP level 5. HP: 24/52 MP: 5/5
   264 | D        | Reached **** piety under Uskayaw
   267 | D        | Arena points: 32 (+28) [x2]
   267 | D        | Reached ***** piety under Uskayaw
   283 | D        | Bought a flickering silver ring for 45 gold pieces
   283 | D        | Identified the ring "Horhiuv" {+Blink MP+9 Str+3} (You bought it in a shop in the Dungeon)
   316 | D        | Round 3.
   327 | D        | Noticed a sky beast
   329 | D        | Noticed a steam dragon
   335 | D        | Noticed an insubstantial wisp
   336 | D        | Killed a sky beast
   336 | D        | Reached skill level 8 in Shields
   339 | D        | Noticed a sky beast
   348 | D        | Killed a sky beast
   348 | D        | Reached XP level 6. HP: 50/62 MP: 8/8
   359 | D        | Killed a steam dragon
   359 | D        | Reached skill level 10 in Maces & Flails
   359 | D        | Reached skill level 9 in Shields
   363 | D        | Killed an insubstantial wisp
   363 | D        | Reached skill level 10 in Fighting
   363 | D        | Reached skill level 5 in Invocations
   363 | D        | Reached XP level 7. HP: 48/72 MP: 10/10
   375 | D        | Reached skill level 10 in Shields
   385 | D        | Arena points: 86 (+54) [x3]
   395 | D        | Bought a crude graven amulet for 45 gold pieces
   395 | D        | Identified the amulet "Geastruest" {Inacc SInv} (You bought it in a shop in the Dungeon)
   400 | D        | Round 4.
   432 | D        | Reached skill level 5 in Armour
   516 | D        | Reached skill level 11 in Shields
   548 | D        | Arena points: 198 (+112) [x4]
   564 | D        | Bought a potion of heal wounds for 35 gold pieces
   591 | D        | Round 5.
   598 | D        | Noticed the 27-headed Lernaean hydra
   602 | D        | HP: 5/72 [the 27-headed Lernaean hydra (3)]
   602 | D        | HP: 1/72 [the 27-headed Lernaean hydra (4)]
   602 | D        | Mangled by the 27-headed Lernaean hydra

Skill      XL: |  1  2  3  4  5  6  7 |
---------------+----------------------+-----
Fighting       | 5 6 7 8 10 | 10.2
Maces & Flails | 4 5 7 9 10 | 10.9
Shields        | 5 6 7 8 9 11 | 11.4
Invocations    | 2 4 5 7 |  7.4
Armour         | 6 |  6.2

Action                   |  1- 3 |  4- 6 |  7- 9 || total
-------------------------+-------+-------+-------++-------
Melee: Flail             |     9 |    38 |    22 ||    69
       Headbutt          |       |    12 |     2 ||    14
Invok: Line Pass         |       |       |     1 ||     1
Evoke: Wand              |     1 |       |       ||     1
  Use: Scroll            |     1 |     1 |     1 ||     3
       Potion            |       |     2 |       ||     2
 Stab: Paralysed         |       |     3 |       ||     3
Armor: Scale mail        |     1 |     9 |    26 ||    36
Dodge: Dodged            |       |     7 |     6 ||    13
Block: Shield            |     7 |    20 |    20 ||    47
